 Dungeon Crawl Stone Soup version 0.30-a0-715-gdb4ae3ece1 (webtiles) character file.

Game seed: 5521405667356304816

340 purpskrrrp the Trooper (level 6, 0/40 HPs)
             Began as a Gargoyle Fighter on Jan 23, 2023.
             Killed by divine providence
             ... invoked by an orc priest
              (10 damage)
             ... on level 4 of the Dungeon.
             The game lasted 00:05:03 (2592 turns).

purpskrrrp the Trooper (Gargoyle Fighter)           Turns: 2592, Time: 00:05:04

Health: 0/40       AC: 13    Str: 22    XL:     6   Next: 56%
Magic:  6/6        EV:  9    Int:  8    God:
Gold:   189        SH:  4    Dex:  9    Spells: 5/5 levels left

rFire   . . .      SeeInvis .    a - +0 flail
rCold   . . .      Faith    .    c - +0 buckler
rNeg    + . .      Spirit   .    b - +1 scale mail
rPois   ∞          Reflect  .    (no helmet)
rElec   +          Harm     .    (no cloak)
rCorr   .          Rampage  .    g - +0 pair of gloves
Will    .....                    (no boots) Stlth
                                 (no amulet)
HPRegen 0.26/turn                (no ring)
MPRegen 0.10/turn                (no ring)

@: no status effects
A: sickness immunity, AC +4, negative energy resistance 1, electricity
resistance, torment resistance 1, petrification resistance
a: no special abilities


You were on level 4 of the Dungeon.
You visited 1 branch of the dungeon, and saw 4 of its levels.

You collected 189 gold pieces.

Inventory:

Hand Weapons
 a - a +0 flail (weapon)
Armour
 b - a +1 scale mail (worn)
 c - a +0 buckler (worn)
 g - a +0 pair of gloves (worn)
Wands
 d - a wand of flame (21)
Scrolls
 e - 4 scrolls of identify {unknown}
 h - a scroll of blinking {unknown}
 i - a scroll of butterflies
 j - a scroll of fear {unknown}
 k - 2 scrolls of enchant weapon {unknown}
Potions
 f - 3 potions of haste
 l - 3 potions of heal wounds {unknown}


   Skills:
 * Level 5.2 Fighting
 * Level 4.1 Maces & Flails
 + Level 4.4 Armour
 + Level 4.4 Shields


You had 5 spell levels left.
You didn't know any spells.
Your spell library contained the following spells:

 Spells                   Type           Power      Damage    Failure   Level
 Freeze                   Ice            0%         1d3       82%         1
 Frozen Ramparts          Ice            0%         1d1       99%         3
 Gell's Gravitas          Tloc           0%         N/A       99%         3
 Hailstorm                Conj/Ice       0%         3d3       99%         3
 Stone Arrow              Conj/Erth      0%         3d7       99%         3
 Teleport Other           Tloc           0%         N/A       99%         3
 Animate Armour           Summ/Erth      0%         N/A       100%        4
 Dispersal                Tloc           0%         N/A       100%        6
 Lehudib's Crystal Spear  Conj/Erth      0%         10d2      100%        8


Dungeon Overview and Level Annotations

Branches:
Dungeon (4/15)
 Temple: D:4-7

Altars:
Fedhas
Trog
Wu Jian

Shops:
D:1 (   D:2 :

Annotations:
D:4 Eustachio


Innate Abilities, Weirdness & Mutations

You are immune to sickness and miasma.
Your stone body is resilient. (AC +4)
You are immune to poison.
You resist negative energy. (rN+)
You are resistant to electric shocks. (rElec)
You are resistant to unholy torment.
You are immune to petrification.


Message History

The orc priest mumbles some strange prayers to Beogh against you.
Beogh smites you! You block the hobgoblin's attack. You block the orc's attack.
You are too injured to fight recklessly!
You are too injured to fight recklessly!
You are too injured to fight recklessly!
You are too injured to fight recklessly!
You are too injured to fight recklessly!
You are too injured to fight recklessly!
You are too injured to fight recklessly!
You are too injured to fight recklessly!
You are too injured to fight recklessly!
You are too injured to fight recklessly!
You are too injured to fight recklessly!
You are too injured to fight recklessly!
You are too injured to fight recklessly!
You are too injured to fight recklessly!
You are too injured to fight recklessly!
You are too injured to fight recklessly!
You are too injured to fight recklessly!
You hit the orc priest but do no damage.
The giant cockroach bites you but does no damage.
The orc priest looks satisfied for a moment.
The hobgoblin hits you but does no damage.
The orc misses you. The giant cockroach barely misses you.
You closely miss the orc priest. The orc hits you but does no damage.
The orc priest closely misses you.
The hobgoblin hits you but does no damage.
The giant cockroach bites you but does no damage.
The orc priest calls down the wrath of Beogh upon you.
Beogh smites you!
* * * LOW HITPOINT WARNING * * *
The hobgoblin hits you but does no damage.
The orc hits you but does no damage.
You sock the orc priest!
The orc priest is almost dead.
You block the giant cockroach's attack. The hobgoblin closely misses you.
The orc closely misses you.
The orc priest calls down the wrath of Beogh upon you.
Beogh smites you!
You die...

#... .. .. ....##.#..
..# .. ##........ #.#
... #.........
#.###.#
.........####.#...#
..................#
..................#
........<..B......##
.......)..@o.......#
....#.....og.........
... ###..............
#......#...[...
#.......#.......
###.#...#.......
...##......#...
..........##...


You could see an orc priest, an orc, a giant cockroach and a hobgoblin.

Vanquished Creatures
  2 phantoms
  An orc priest (D:4)
  Jessica (D:3)
  Ijyb (D:4)
  2 adders
  3 worms (D:3)
  2 dart slugs
  5 orcs
  9 ball pythons
  8 endoplasms
  A giant cockroach (D:3)
  6 goblins
  12 hobgoblins
  3 jackals (D:3)
  5 kobolds
  3 quokkas
  7 bats
  4 frilled lizards
  5 rats
80 creatures vanquished.

Notes
Turn   | Place    | Note
-------+----------+-------------------------------------------
     0 | D:1      | purpskrrrp the Gargoyle Fighter began the quest for the
                  | Orb.
     0 | D:1      | Reached XP level 1. HP: 14/14 MP: 1/1
    33 | D:1      | Reached XP level 2. HP: 15/19 MP: 2/2
   322 | D:1      | Found Soolola's Antique Weapon Emporium.
   328 | D:1      | Reached XP level 3. HP: 24/24 MP: 3/3
  1004 | D:2      | Reached skill level 4 in Fighting
  1023 | D:2      | Found Pengeax's Book Emporium.
  1239 | D:3      | Reached XP level 4. HP: 29/29 MP: 4/4
  1282 | D:3      | Found a faded altar of an unknown god.
  1353 | D:3      | Noticed Jessica
  1368 | D:3      | Killed Jessica
  1612 | D:3      | Found a bloodstained altar of Trog.
  1689 | D:3      | Reached XP level 5. HP: 34/34 MP: 5/5
  1711 | D:3      | Noticed a phantom
  1746 | D:3      | Killed a phantom
  2004 | D:3      | Found an ornate altar of the Wu Jian Council.
  2047 | D:3      | Found a blossoming altar of Fedhas.
  2166 | D:4      | Noticed Ijyb
  2176 | D:4      | Killed Ijyb
  2233 | D:4      | Reached XP level 6. HP: 33/40 MP: 6/6
  2235 | D:4      | Noticed Eustachio
  2250 | D:4      | Reached skill level 5 in Fighting
  2592 | D:4      | Killed from afar by an orc priest

Illustrated notes

Levels and vault maps discovered:
D:1:      minmay_arrival_open_corners, layout_rooms, serial_shops,
          nicolae_shop_overgrown_old_shop
D:2:      layout_rooms, serial_shops, nicolae_shop_advertising_works
          [nicolae_subvault_shop_adworks]
D:3:      minmay_chambers_of_threes, layout_basic, fedhas_altar_4,
          nicolae_wu_jian_immortal_techniques,
          mainiacjoe_overflow_surrounded_room, serial_glass, glass_columns_b,
          glass_columns_b, glass_columns_a, glass_columns_b, glass_columns_a,
          glass_columns_b, glass_columns_a, glass_columns_a,
          hellmonk_ecumenical_altar_pennies_from_heaven,
          minmay_misc_feat_four_crosses, uniq_jessica
D:4:      layout_cave_pools, nicolae_qazlal_style_of_elements, uniq_pikel,
          uniq_ijyb, uniq_edmund, uniq_eustachio

Skill      XL: |  1  2  3  4  5  6 |
---------------+-------------------+-----
Fighting       | 4 5 |  5.2
Maces & Flails | 3 4 |  4.1
Armour         | 4 |  4.4
Shields        | 4 |  4.4

Action                     |  1- 3 |  4- 6 || total
---------------------------+-------+-------++-------
  Melee: Flail             |   115 |   187 ||   302
    Use: Scroll            |     3 |       ||     3
         Potion            |       |     2 ||     2
 Armour: Scale mail        |    83 |   174 ||   257
  Dodge: Dodged            |    71 |   143 ||   214
  Block: Buckler           |    25 |    78 ||   103

Table legend: (Time is in decaauts)
 A = Elapsed time spent in this place.
 B = Non-inter-level travel time spent in this place.
 C = Inter-level travel time spent in this place.
 D = Time resting spent in this place.
 E = Time spent auto-exploring this place.
 F = Levels seen in this place.
 G = Mean time per level.
                   A        B        C        D        E       F      G
               +--------+--------+--------+--------+--------+-----+--------+
         Total |   2668 |   2410 |    258 |    300 |   1452 |   4 |  667.0 |
       Dungeon |   2668 |   2410 |    258 |    300 |   1452 |   4 |  667.0 |
               +--------+--------+--------+--------+--------+-----+--------+

Top non-repeatable levels by time:
     D:3: 1235 daAuts
     D:1: 819 daAuts
     D:2: 443 daAuts
     D:4: 169 daAuts
